 Dungeon Crawl Stone Soup version 0.31.0-12-g77e489cdc1 (webtiles) character file.

Game seed: 2272127508316519284

154 PriceMaster the Digger (level 5, -2/31 (32) HPs)
             Began as an Octopode Earth Elementalist on Feb 28, 2024.
             Slain by an orc wizard
             ... wielding a +3 dagger of draining
              (6 damage)
             ... on level 2 of the Dungeon.
             The game lasted 00:02:27 (1633 turns).

PriceMaster the Digger (OpEE)                       Turns: 1633, Time: 00:02:27

HP:   -2/31 (32)    AC:  1    Str:  7    XL:     5   Next: 36%
MP:   2/9           EV: 13    Int: 20    God:
Gold: 94            SH:  0    Dex: 12    Spells: 5/9 levels left

rFire   . . .        f - +0 dagger (flame)
rCold   . . .        (no shield)
rNeg    . . .        (helmet restricted)
rPois   .            (no amulet)
rElec   .            (no ring)
rCorr   .            (no ring)
SInv    .            (no ring)
Will    .....        (no ring)
Stlth   +++          (no ring)
HPRegen 0.25/turn    (no ring)
MPRegen 0.11/turn    (no ring)
                     (no ring)

%: no passive effects
@: brilliant, lightly drained
A: almost no armour, amphibious, 8 rings, camouflage 1, gelatinous body 1,
(nimble swimmer 1), tentacles
a: no special abilities


You were on level 2 of the Dungeon.
You visited 1 branch of the dungeon, and saw 3 of its levels.

You collected 94 gold pieces.

Inventory:

Hand Weapons
 f - a +0 dagger of flaming (weapon)
Scrolls
 c - a scroll of identify
Potions
 a - 3 potions of magic
 b - a potion of degeneration {unknown}
 d - a potion of might {unknown}
 e - a potion of curing {unknown}
 g - a potion of attraction {unknown}
 h - 2 potions of brilliance
 i - 2 potions of heal wounds {unknown}


   Skills:
 + Level 0.4 Fighting
 + Level 1.0 Short Blades
 + Level 2.2 Dodging
 * Level 4.1 Stealth
 + Level 2.9 Spellcasting
 + Level 1.2 Conjurations
 + Level 4.3 Earth Magic


You had 5 spell levels left.
You knew the following spells:

 Your Spells              Type           Power      Damage    Failure   Level
a - Sandblast             Erth           60%        2d14      2%          1
b - Stone Arrow           Conj/Erth      42%        3d9       14%         3

Your spell library contained the following spells:

 Spells                   Type           Power      Damage    Failure   Level
 Passwall                 Erth           30%        N/A       8%          3
 Cigotuvi's Dreadful Rot  Necr/Alch/Air  8%         N/A       22%         2
 Brom's Barrelling Bould  Conj/Erth      21%        2d4       41%         4
 Petrify                  Alch/Erth      17%        N/A       52%         4
 Dispel Undead            Necr           4%         3d7       82%         4
 Martyr's Knell           Necr/Summ      4%         N/A       82%         4
 Death Channel            Necr           2%         N/A       100%        6


Dungeon Overview and Level Annotations

Branches:
Dungeon (3/15)

Altars:
Cheibriados

Shops:
D:2 *


Innate Abilities, Weirdness & Mutations

You cannot wear most types of armour.
You are amphibious.
You can wear up to eight rings at the same time.
Your skin changes colour to match your surroundings (Stealth+).
Your rubbery body absorbs attacks. (AC +1, EV +1)
((You are camouflaged when in or above water. (Stealth+)))
You have tentacles for arms and can constrict up to eight enemies at once.


Message History

There are monsters nearby!
The iguana misses you.
The orc hits you from afar with a +0 trident.
The orc wizard hits you with a +3 dagger of draining.
You feel drained.
You climb upwards.
There is a stone staircase leading down here.
Casting: Sandblast (safe; 2% risk of failure)
Confirm with . or Enter, or press ? or * to list all spells.
Aiming: Stone Arrow (quite dangerous; 14% risk of failure)
Press: ? - help, Shift-Dir - straight line, f - orc wizard
Aim: an orc wizard, wielding a +3 dagger of draining and wearing a +0 robe (60% to hit)
The stone arrow hits the orc wizard!
The orc wizard is heavily wounded.
The iguana barely misses you. The orc wizard casts a spell at you.
You resist with some effort.
Casting: Stone Arrow (quite dangerous; 14% risk of failure)
Confirm with . or Enter, or press ? or * to list all spells.
Aiming: Stone Arrow (quite dangerous; 14% risk of failure)
Press: ? - help, Shift-Dir - straight line, f/p - orc wizard
Aim: an orc wizard, wielding a +3 dagger of draining and wearing a +0 robe (heavily wounded, 60% to hit)
The stone arrow misses the orc wizard.
The orc wizard casts a spell at you. The magic dart hits you!
The iguana bites you!
Casting: Stone Arrow (quite dangerous; 14% risk of failure)
Confirm with . or Enter, or press ? or * to list all spells.
Aiming: Sandblast (safe; 2% risk of failure)
Press: ? - help, Shift-Dir - straight line, f/p - orc wizard
Aim: an orc wizard, wielding a +3 dagger of draining and wearing a +0 robe (heavily wounded, 79% to hit)
The blast of sand hits the orc wizard.
The orc wizard is severely wounded.
The iguana barely misses you.
The orc wizard gestures at you while chanting.
The puff of flame hits you!
* * * LOW HITPOINT WARNING * * *
It was a potion of brilliance.
You feel clever all of a sudden.
The orc wizard hits you with a +3 dagger of draining.
You die...

.##..........#...##.#
....##.##..###......#
.##.##.##..###..###.#
.......##...........#
....#####.#####..####
.#### #.....###.#.##
.#### #.....##.###.#
....# #.....###l#o##
.##.# #.....# ##@##
###.# #.....# #.# #.#
##########.#
#.#####........#
#.......#####..#
#.#.....#####..#
#..###..##.....# #.##
##.......## #.#
#..#.##.#


You could see an iguana and an orc wizard.

Vanquished Creatures
  A black bear (D:2)
  Robin (D:2)
  2 dart slugs (D:1)
  A ribbon worm (D:2)
  An endoplasm (D:1)
  3 giant cockroaches
  12 goblins
  7 hobgoblins
  3 kobolds (D:1)
  2 quokkas (D:2)
  5 ball pythons
  3 bats
  4 frilled lizards
45 creatures vanquished.

Notes
Turn   | Place    | Note
-------+----------+-------------------------------------------
     0 | D:1      | PriceMaster the Octopode Earth Elementalist began the quest
                  | for the Orb.
     0 | D:1      | Reached XP level 1. HP: 11/11 MP: 3/3
   135 | D:1      | Reached XP level 2. HP: 14/17 MP: 0/5
   453 | D:1      | Reached XP level 3. HP: 9/21 MP: 1/6
   855 | D:2      | Found Conohan's Assorted Antiques.
   908 | D:2      | Noticed a black bear
   918 | D:2      | Learned a level 3 spell: Stone Arrow
   927 | D:2      | Killed a black bear
   928 | D:2      | Reached XP level 4. HP: 26/27 MP: 0/8
   928 | D:2      | Reached XP level 5. HP: 31/32 MP: 0/9
  1091 | D:2      | Noticed Robin
  1110 | D:2      | Killed Robin
  1396 | D:2      | Found a snail-covered altar of Cheibriados.
  1444 | D:2      | Reached skill level 1 in Short Blades
  1633 | D:2      | Slain by an orc wizard

Illustrated notes

Levels and vault maps discovered:
D:1:      tarquinn_simple_flora_water_f, layout_rooms, kennysheep_another_room,
          minivault_27
D:2:      layout_loops_cross, basic_altar, serial_shops, shop,
          minmay_misc_feat_tiny, uniq_robin
D:3:      layout_loops_ring, mainiacjoe_overflow_catwalk, uniq_terence,
          uniq_grinder, uniq_jessica, uniq_sigmund

Skill      XL: |  1  2  3  4  5 |
---------------+----------------+-----
Stealth        | 3 4 |  4.1
Earth Magic    | 4 |  4.3
Short Blades   | 1 |  1.0
Fighting       | |  0.4
Dodging        | |  2.2
Spellcasting   | |  2.9
Conjurations   | |  1.2

Action                     |  1- 3 |  4- 6 || total
---------------------------+-------+-------++-------
  Melee: Unarmed           |    10 |       ||    10
         Tentacles         |    11 |     2 ||    13
         Constrict         |    10 |     5 ||    15
         Punch             |     1 |       ||     1
         Dagger            |     8 |    20 ||    28
   Cast: Sandblast         |    23 |    11 ||    34
         Stone Arrow       |     2 |     3 ||     5
    Use: Scroll            |       |     3 ||     3
         Potion            |       |     1 ||     1
   Stab: Sleeping          |     1 |     2 ||     3
 Armour: Skin              |    18 |    20 ||    38
  Dodge: Dodged            |    22 |    11 ||    33
